 Dungeon Crawl Stone Soup version 0.30-a0-702-gdf48620a09 (webtiles) character file.

Game seed: 13007240934237845775

86 voltaire321 the Stinger (level 4, 0/32 HPs)
             Began as a Merfolk Venom Mage on Jan 22, 2023.
             Slain by a black bear (2 damage)
             ... on level 4 of the Dungeon.
             The game lasted 00:08:35 (2293 turns).

voltaire321 the Stinger (Merfolk Venom Mage)        Turns: 2293, Time: 00:08:35

Health: 0/32       AC:  8    Str:  8    XL:     4   Next: 49%
Magic:  1/7        EV: 13    Int: 16    God:
Gold:   157        SH:  0    Dex: 14    Spells: 5/8 levels left

rFire   . . .      SeeInvis .    y - +1 dagger (venom)
rCold   . . .      Faith    .    (no shield)
rNeg    . . .      Spirit   .    a - +0 robe
rPois   .          Reflect  .    t - +0 helmet
rElec   .          Harm     .    (no cloak)
rCorr   .          Rampage  .    w - +0 pair of gloves
Will    .....                    (no boots)
Stlth   ++                       j - amulet of regeneration
HPRegen 1.05/turn                d - +4 ring of protection
MPRegen 0.10/turn                (no ring)

@: no status effects
A: (nimble swimmer 2), mertail
a: no special abilities


You were on level 4 of the Dungeon.
You visited 1 branch of the dungeon, and saw 4 of its levels.

You collected 157 gold pieces.

Inventory:

Hand Weapons
 y - a +1 dagger of venom (weapon)
Missiles
 e - 4 curare-tipped darts
Armour
 a - a +0 robe (worn)
 t - a +0 helmet (worn)
 w - a +0 pair of gloves (worn)
Jewellery
 d - a +4 ring of protection (left hand)
 j - an amulet of regeneration (around neck)
Scrolls
 c - a scroll of torment {unknown}
 g - 3 scrolls of enchant weapon {unknown}
 i - 4 scrolls of identify {unknown}
 l - 2 scrolls of fog {unknown}
 m - a scroll of amnesia {unknown}
 q - 4 scrolls of teleportation {unknown}
 r - a scroll of poison {unknown}
Potions
 b - 2 potions of magic
 f - a potion of curing {unknown}
 h - 3 potions of degeneration {unknown}
 k - a potion of brilliance {unknown}
 n - a potion of resistance {unknown}
 o - a potion of mutation {unknown}
 p - 3 potions of heal wounds {unknown}
 s - 2 potions of lignification {unknown}
 u - 2 potions of flight {unknown}
 v - a potion of attraction {unknown}
 x - a potion of might {unknown}


   Skills:
 + Level 1.4 Fighting
 + Level 3.5 Dodging
 - Level 2.1 Stealth
 + Level 1.0 Unarmed Combat
 + Level 2.6 Spellcasting
 + Level 2.5 Transmutations
 + Level 3.8 Poison Magic


You had 5 spell levels left.
You knew the following spells:

 Your Spells              Type           Power      Damage    Failure   Level
a - Sting                 Tmut/Pois      48%        1d5       5%          1
b - Poisonous Vapours     Pois/Air       16%        N/A       14%         2

Your spell library contained the following spells:

 Spells                   Type           Power      Damage    Failure   Level
 Mephitic Cloud           Conj/Pois/Air  6%         N/A       34%         3
 Olgreb's Toxic Radiance  Pois           14%        N/A       38%         4
 Chain Lightning          Conj/Air       1%         3d1       100%        9
 Fire Storm               Conj/Fire      1%         7d1       100%        9
 Shatter                  Erth           1%         3d5*      100%        9


Dungeon Overview and Level Annotations

Branches:
Dungeon (4/15)
 Temple: D:4-7

Altars:
Yredelemnul

Shops:
D:1 =


Innate Abilities, Weirdness & Mutations

((You are very nimble when in or above water. (Stealth+, EV+, Speed+++)))
Your lower body shifts to a powerful aquatic tail in water.


Message History

Okay, then.
Casting: Sting (safe; 5% risk of failure)
Confirm with . or Enter, or press ? or * to list all spells.
Aiming: Poisonous Vapours (safe; 14% risk of failure)
Press: ? - help, Dir - move target, f/p - black bear
Aim: a black bear (heavily wounded, poisoned) Poisonous vapours surround the black bear!
The black bear looks even sicker.
The black bear goes berserk!
You hit the black bear.
The black bear looks even sicker.
The black bear is severely wounded.
The black bear bites you but does no damage.
The black bear closely misses you.
The black bear claws you but does no damage.
You hit the black bear but do no damage.
The black bear looks as sick as possible!
The black bear is severely wounded.
The black bear barely misses you. The black bear closely misses you.
The black bear completely misses you. The black bear barely misses you.
The black bear closely misses you. The black bear barely misses you.
You hit the black bear but do no damage.
The black bear looks as sick as possible!
The black bear is severely wounded.
The black bear bites you! The black bear misses you.
The black bear barely misses you. The black bear closely misses you.
The black bear claws you. The black bear barely misses you.
You hit the black bear but do no damage.
The black bear looks as sick as possible!
The black bear is almost dead.
The black bear bites you! The black bear barely misses you. x2
You hit the black bear but do no damage.
The black bear is almost dead.
The black bear bites you!
* * * LOW HITPOINT WARNING * * *
The black bear claws you but does no damage.
The black bear claws you.
* * * LOW HITPOINT WARNING * * *
The black bear barely misses you. The black bear claws you.
You die...

##.### #..# #..###
##....+ #. #...###
#.. ##...# ##..#
#....###
#....########
#.......
#..@#....####..##...
###.h..<..##...# #..
##...........## #.
##........>...# #
#.............#
#............##
##.)........##
##.........#
###......##


You could see a black bear (berserk, extremely poisoned).

Vanquished Creatures
  Robin (D:2)
  2 adders
  A gnoll (D:3)
  6 ball pythons
  9 bats
  2 endoplasms
  10 goblins
  4 hobgoblins
  A quokka (D:2)
  4 frilled lizards
  6 kobolds
  4 rats
50 creatures vanquished.

Vanquished Creatures (others)
  5 plants (D:1)
5 creatures vanquished.

Grand Total: 55 creatures vanquished

Notes
Turn   | Place    | Note
-------+----------+-------------------------------------------
     0 | D:1      | voltaire321 the Merfolk Venom Mage began the quest for the
                  | Orb.
     0 | D:1      | Reached XP level 1. HP: 13/13 MP: 3/3
   190 | D:1      | Reached XP level 2. HP: 20/20 MP: 3/5
   273 | D:1      | Learned a level 2 spell: Poisonous Vapours
   791 | D:1      | Found Yseplest's Jewellery Emporium.
   885 | D:2      | Reached XP level 3. HP: 25/25 MP: 6/6
  1223 | D:2      | Reached skill level 1 in Fighting
  1308 | D:2      | Found a basalt altar of Yredelemnul.
  1461 | D:2      | Noticed Robin
  1505 | D:2      | Killed Robin
  1809 | D:3      | Reached XP level 4. HP: 32/32 MP: 5/7
  1897 | D:3      | Reached skill level 1 in Unarmed Combat
  2256 | D:4      | Noticed a black bear
  2293 | D:4      | Slain by a black bear

Illustrated notes

Levels and vault maps discovered:
D:1:      dpeg_arrival_tiny_i, layout_loops_ring, serial_shops,
          nicolae_shop_waterfront, serial_bayou_lagoon_a
D:2:      layout_basic, basic_altar, uniq_robin
D:3:      layout_rooms, kennysheep_generic_room_7
D:4:      layout_cave_pods, lemuel_doored_altar, minmay_misc_feat_square

Skill      XL: |  1  2  3  4 |
---------------+-------------+-----
Dodging        | 3 |  3.5
Transmutations | 2 |  2.5
Fighting       | 1 |  1.4
Unarmed Combat | 1 |  1.0
Stealth        | |  2.1
Spellcasting   | |  2.6
Poison Magic   | |  3.8

Action                   |  1- 3 |  4- 6 || total
-------------------------+-------+-------++-------
Melee: Short sword       |    51 |     6 ||    57
       Tailslap          |     1 |       ||     1
       Dagger            |       |    16 ||    16
 Cast: Sting             |    49 |    14 ||    63
       Poisonous Vapours |       |     4 ||     4
 Stab: Sleeping          |     1 |       ||     1
Armor: Robe              |    20 |     9 ||    29
Dodge: Dodged            |    43 |    23 ||    66

Table legend: (Time is in decaauts)
 A = Elapsed time spent in this place.
 B = Non-inter-level travel time spent in this place.
 C = Inter-level travel time spent in this place.
 D = Time resting spent in this place.
 E = Time spent auto-exploring this place.
 F = Levels seen in this place.
 G = Mean time per level.
                   A        B        C        D        E       F      G
               +--------+--------+--------+--------+--------+-----+--------+
         Total |   2283 |   2254 |     29 |     44 |   1675 |   4 |  570.8 |
       Dungeon |   2283 |   2254 |     29 |     44 |   1675 |   4 |  570.8 |
               +--------+--------+--------+--------+--------+-----+--------+

Top non-repeatable levels by time:
     D:2: 856 daAuts
     D:1: 823 daAuts
     D:3: 525 daAuts
     D:4: 78 daAuts
